 Dungeon Crawl Stone Soup version 0.31-a0-204-g7da18cac08 (webtiles) character file.

Game seed: 10377739657943773313

90 qw the Shooter (level 4, -4/25 HPs)
             Began as a Deep Elf Hunter on June 27, 2023.
             Was an Initiate of Okawaru.
             Slain by a gnoll
             ... wielding a +0 halberd
              (9 damage)
             ... on level 3 of the Dungeon.
             The game lasted 00:00:34 (1736 turns).

qw the Shooter (Deep Elf Hunter)                    Turns: 1736, Time: 00:00:35

Health: -4/25      AC:  4    Str: 10    XL:     4   Next: 32%
Magic:  6/6        EV: 12    Int: 14    God:    Okawaru [......]
Gold:   49         SH:  0    Dex: 18    Spells: 3/3 levels left

rFire   . . .        Y - +0 shortbow
rCold   . . .        (shield currently unavailable)
rNeg    . . .        c - +0 leather armour
rPois   .            (no helmet)
rElec   .            (no cloak)
rCorr   .            f - +0 pair of gloves
SInv    .            (no boots)
Will    .....        (no amulet)
Stlth   ++           (no ring)
HPRegen 0.24/turn    (no ring)
MPRegen 0.10/turn

%: no passive effects
@: no status effects
A: no striking features
a: Renounce Religion


You were on level 3 of the Dungeon.
You worshipped Okawaru.
Okawaru was noncommittal.
You visited 1 branch of the dungeon, and saw 3 of its levels.

You collected 49 gold pieces.


   Skills:
 - Level 1.5 Fighting
 + Level 7.7 Ranged Weapons
 - Level 2.4 Dodging
 - Level 1.2 Stealth


You had 3 spell levels left.
You didn't know any spells.
Your spell library was empty.

Inventory:

Hand Weapons
 Y - a +0 shortbow (weapon)
Armour
 c - a +0 leather armour (worn)
 f - a +0 pair of gloves (worn)
Scrolls
 a - a scroll of identify
Potions
 e - a potion of brilliance {unknown}
 g - a potion of enlightenment

Dungeon Overview and Level Annotations

Branches:
Dungeon (3/15)

Altars:
Okawaru


Message History

The endoplasm is moderately wounded.
You shoot an arrow. The arrow hits the gnoll.
You kill the gnoll!
Okawaru accepts your kill. The endoplasm freezes you.
You are frozen.
You shoot an arrow. The arrow hits the endoplasm!
You kill the endoplasm!
Okawaru accepts your kill.
You shoot an arrow. The arrow closely misses the gnoll.
You shoot an arrow. The arrow closely misses the hobgoblin.
The hobgoblin completely misses you. The gnoll barely misses you.
You shoot an arrow. The arrow hits the gnoll.
The gnoll is lightly wounded.
The hobgoblin misses you. The gnoll closely misses you.
The gnoll hits you with a +0 club.
You shoot an arrow. The arrow hits the gnoll.
The gnoll is moderately wounded.
The hobgoblin closely misses you. The gnoll misses you.
The gnoll hits you with a +0 club.
You shoot an arrow. The arrow hits the gnoll.
The gnoll is severely wounded.
The hobgoblin hits you but does no damage.
The gnoll completely misses you.
The gnoll hits you from afar with a +0 halberd!
You shoot an arrow. The arrow closely misses the gnoll.
The gnoll barely misses you. The gnoll hits you with a +0 club.
The hobgoblin hits you but does no damage.
You shoot an arrow. The arrow hits the gnoll.
You kill the gnoll!
Okawaru accepts your kill. The hobgoblin closely misses you.
The gnoll hits you but does no damage.
You shoot an arrow. The arrow hits the gnoll.
The gnoll is heavily wounded.
The hobgoblin hits you. The gnoll hits you with a +0 flail.
The gnoll closely misses you.
You shoot an arrow. The arrow hits the gnoll.
The gnoll is severely wounded.
The gnoll hits you from afar with a +0 halberd!
You die...

.......##.....
..........?.?.#.
........#.........
..................
..........>.....#
...............#
.....)gg#.....## #.#
. #@.......####..#
....#......#. .....
.....g......## ...#
.....#.......# ..#
.............##..##..
.....................
........#####.#.###..
......### #.<.# ...##
##..#


You could see 2 gnolls and a hobgoblin.

Vanquished Creatures
  2 gnolls (D:3)
  2 adders
  2 worms (D:2)
  A dart slug (D:1)
  A ball python (D:2)
  6 endoplasms
  2 giant cockroaches (D:1)
  A goblin (D:1)
  7 hobgoblins
  3 jackals (D:1)
  A quokka (D:1)
  5 bats
  3 frilled lizards
  5 kobolds
  3 rats (D:2)
44 creatures vanquished.

Notes
Turn   | Place    | Note
-------+----------+-------------------------------------------
     0 | D:1      | qw the Deep Elf Hunter began the quest for the Orb.
     0 | D:1      | Reached XP level 1. HP: 12/12 MP: 3/3
     0 | D:1      | 0 ||| qw: Version: 0.3-a-22-g0ed2b0b
     0 | D:1      | 0 ||| qw: Game counter: 6453
     0 | D:1      | 0 ||| qw: Melee chars always use a shield: true
     0 | D:1      | 0 ||| qw: God list: Okawaru
     0 | D:1      | 0 ||| qw: Allow faded altars: false
     0 | D:1      | 0 ||| qw: Do Orc after clearing Dungeon:15 true
     0 | D:1      | 0 ||| qw: Do second Lair branch before Depths: true
     0 | D:1      | 0 ||| qw: Lair rune preference: random
     0 | D:1      | 0 ||| qw: Goals: Normal
     0 | D:1      | 0 ||| PLANNING D:1-11
    92 | D:1      | Reached XP level 2. HP: 16/16 MP: 4/4
   114 | D:1      | Reached skill level 6 in Ranged Weapons
   633 | D:1      | 633 ||| READING 3 scrolls labelled XOSALY MOYNGE.
   634 | D:1      | 634 ||| READING scroll labelled KUMMAH INTE.
   635 | D:1      | 635 ||| READING scroll labelled FONUXZ PIBEPSO.
   736 | D:1      | 736 ||| DRINKING 2 orange potions.
   737 | D:1      | 737 ||| READING 2 scrolls of identify.
   737 | D:1      | 737 ||| IDENTIFYING murky white potion
   738 | D:1      | 738 ||| DROPPING scroll of butterflies.
   739 | D:1      | 739 ||| DROPPING potion of invisibility.
   781 | D:2      | Reached XP level 3. HP: 20/20 MP: 5/5
   882 | D:2      | Reached skill level 7 in Ranged Weapons
   941 | D:2      | Found an iron altar of Okawaru.
   942 | D:2      | 942 ||| PLANNING OKAWARU WORSHIP
   942 | D:2      | 942 ||| READING 2 scrolls of identify.
   942 | D:2      | 942 ||| IDENTIFYING smoky silvery potion
   943 | D:2      | 943 ||| DROPPING potion of degeneration.
   951 | D:2      | Became a worshipper of Warmaster Okawaru
   952 | D:2      | 952 ||| PLANNING D:1-11
  1646 | D:2      | 1646 ||| UPGRADING to +0 pair of gloves.
  1651 | D:2      | 1651 ||| READING scroll labelled SEAVAG LINNA.
  1656 | D:2      | 1656 ||| READING scroll labelled QIBLUIDWOF.
  1681 | D:3      | Reached XP level 4. HP: 21/25 MP: 6/6
  1735 | D:3      | HP: 5/25 [gnoll/+0 flail (2)]
  1736 | D:3      | Slain by a gnoll

Levels and vault maps discovered:
D:1:      roderic_octagonal_star, layout_loops_ring, item_on_display_a
D:2:      layout_basic, basic_altar, roderic_roman_lattice
D:3:      layout_rooms

Skill      XL: |  1  2  3 |
---------------+----------+-----
Ranged Weapons | 6 7 |  7.7
Fighting       | |  1.5
Dodging        | |  2.4
Stealth        | |  1.2

Action                     |  1- 3 |  4- 6 || total
---------------------------+-------+-------++-------
   Fire: Shortbow          |   110 |    15 ||   125
    Use: Scroll            |     7 |       ||     7
         Potion            |     1 |       ||     1
 Armour: Leather armour    |     6 |     3 ||     9
  Dodge: Dodged            |    19 |    10 ||    29

Table legend:
 A = Non-vault XP
 B = Vault XP
 C = Vault XP percentage of total XP
 D = Non-vault monster count
 E = Vault monster count
 F = Vault count percentage of total count
                 A         B        C        D         E       F
            +---------+---------+-------+---------+---------+-------
      Total |     129 |       0 |   0.0 |      44 |       0 |   0.0
            +---------+---------+-------+---------+---------+-------
        D:1 |      40 |       0 |   0.0 |      22 |       0 |   0.0
        D:2 |      45 |       0 |   0.0 |      18 |       0 |   0.0
        D:3 |      44 |       0 |   0.0 |       4 |       0 |   0.0
            +---------+---------+-------+---------+---------+-------
